 Dungeon Crawl Stone Soup version 0.24-a0-446-g87df7205b4 (webtiles) character file.

Game seed: 1258461087535541741

217 drasked the Ruffian (level 5, -6/53 HPs)
             Began as a Troll Monk on June 24, 2019.
             Mangled by an orc warrior
             ... wielding a +0 battleaxe
              (21 damage)
             ... on level 3 of the Dungeon.
             The game lasted 00:08:20 (2119 turns).

drasked the Ruffian (Troll Monk)                    Turns: 2119, Time: 00:08:20

Health: -6/53      AC:  6    Str: 19    XL:     5   Next: 61%
Magic:  4/4        EV: 10    Int:  7    God:
Gold:   134        SH:  0    Dex: 12    Spells: 4/4 levels left

rFire    . . .     SeeInvis .     - Unarmed
rCold    . . .     Gourm    +   (no shield)
rNeg     . . .     Faith    .   a - +0 robe
rPois    .         Spirit   .   (helmet restricted)
rElec    .         Reflect  .   (no cloak)
rCorr    .         Harm     .   (gloves unavailable)
MR       .....                  (boots unavailable)
Stlth    ++........             (no amulet)
HPRegen  0.57/turn              (no ring)
MPRegen  0.09/turn              (no ring)

@: no status effects
A: large, unfitting armour, claws 3, fast metabolism 3, gourmand, regeneration
1, shaggy fur 1, tough skin 3
a: no special abilities


You were on level 3 of the Dungeon.
You were very full.

You visited 1 branch of the dungeon, and saw 3 of its levels.

You collected 134 gold pieces.

Inventory:

Armour
 a - a +0 robe (worn)
Jewellery
 c - an uncursed amulet of harm {unknown}
 g - an uncursed ring of protection from cold {unknown}
Wands
 j - a wand of acid (12)
Scrolls
 f - a scroll of identify {unknown}
 h - a scroll of teleportation {unknown}
 l - a scroll of random uselessness {unknown}
 m - a scroll of noise {unknown}
 n - 2 scrolls of remove curse {unknown}
 p - a scroll of amnesia {unknown}
Potions
 d - a potion of heal wounds {unknown}
 e - a potion of mutation {unknown}
 i - a potion of berserk rage {unknown}
 k - 2 potions of haste {unknown}
Comestibles
 b - 5 rations
 o - 4 chunks of flesh


   Skills:
 + Level 3.2 Fighting
 - Level 2.6 Dodging
 - Level 1.0 Stealth
 * Level 5.7 Unarmed Combat


You had 4 spell levels left.
You didn't know any spells.
Your spell library was empty.

Dungeon Overview and Level Annotations

Branches:
Dungeon (3/15)

Altars:


Innate Abilities, Weirdness & Mutations

You are too large for most types of armour.
You have claws for hands.
Your metabolism is lightning-fast.
You like to eat raw meat.
Your natural rate of healing is unusually fast.
You are covered in fur. (AC +1)
You have extremely tough skin. (AC +3)


Message History

You kill the orc!
There is an open door here.
You scratch the orc warrior.
The orc warrior hits you with a +0 battleaxe!
You take 8 damage, and have 40/53 hp.
You claw the orc warrior!
The orc warrior hits you with a +0 battleaxe!!
* * * LOW HITPOINT WARNING * * *
You take 18 damage, and have 22/53 hp.
MASSIVE DAMAGE!!
You barely miss the orc warrior. You scratch the orc warrior.
The orc warrior hits you with a +0 battleaxe!!
* * * LOW HITPOINT WARNING * * *
You take 18 damage, and have 4/53 hp.
MASSIVE DAMAGE!!
You see here a frilled lizard skeleton.
You scratch the orc warrior.
The orc warrior hits you with a +0 battleaxe!!
You die...

##..........#...##........#......
#..........#.............#......
#..........#......)......#......
#..........##'#..####....#......
#.##..........#..#.##....#####..
#.##..........#<.#..†.....# #..
#.##..........##.#.##.....# ###
##'##..........#.÷#'##.....###
#...#...........@#...........####
#...#...........o#...............
#..).....#.......#oo.............
#........#......o#...)...........
#....)...#.......................
#........#......##/..............
###......#......[÷.#.######......
##......########'#.#########...
#......'.............#........


You could see an orc warrior and an orc.

Levels and vault maps discovered:
D:1:      dpeg_arrival_stone_temple_mockup, layout_basic
D:2:      layout_basic, serial_bayou_pond_e
D:3:      layout_basic, gammafunk_temple_overflow_statue,
          trog_three_pillars_becter

Notes
Turn   | Place    | Note
-------+----------+-------------------------------------------
     0 | D:1      | drasked the Troll Monk began the quest for the Orb.
     0 | D:1      | Reached XP level 1. HP: 22/22 MP: 0/0
   199 | D:1      | Reached XP level 2. HP: 29/29 MP: 1/1
   967 | D:2      | Reached XP level 3. HP: 29/36 MP: 2/2
  1017 | D:2      | Reached skill level 4 in Unarmed Combat
  1017 | D:2      | Reached XP level 4. HP: 29/44 MP: 3/3
  1300 | D:2      | Identified a +0 dagger of speed
  1468 | D:2      | Reached skill level 5 in Unarmed Combat
  1553 | D:2      | Identified a +0 dagger
  1712 | D:3      | Identified a +0 club
  1760 | D:3      | Identified a +0 chain mail
  1823 | D:3      | Reached XP level 5. HP: 52/52 MP: 4/4
  1857 | D:3      | Identified a cursed +0 short sword
  1860 | D:3      | Identified a +0 dagger
  1894 | D:3      | Identified a +0 short sword
  1900 | D:3      | Reached skill level 3 in Fighting
  1933 | D:3      | Identified a +0 club
  1989 | D:3      | Identified a +0 dagger
  1990 | D:3      | Identified a +0 dagger
  1990 | D:3      | Identified a +0 robe
  1996 | D:3      | Identified a +0 dagger
  1996 | D:3      | Identified a +0 robe
  1996 | D:3      | Identified a +2 short sword of venom
  2000 | D:3      | Identified a +0 battleaxe
  2000 | D:3      | Identified a +0 plate armour
  2000 | D:3      | Noticed an orc warrior
  2010 | D:3      | HP: 2/53 [orc warrior/+0 battleaxe (17)]
  2099 | D:3      | HP: 4/53 [orc warrior/+0 battleaxe (19)]
  2119 | D:3      | Mangled by an orc warrior

Table legend:
 A = Turns spent in this place as a percentage of turns spent in the entire game.
 B = Non-inter-level travel turns spent in this place as a percentage of non-inter-level travel turns spent in the entire game.
 C = Inter-level travel turns spent in this place as a percentage of turns spent in this place.
 D = Turns resting spent in this place as a percentage of non-inter-level travel turns spent in this place.
 E = Turns spent auto-exploring this place as a percentage of non-inter-level travel turns spent in this place.
 F = Non-inter-level travel turns spent in this place divided by the number of levels of this place that you've seen.
                   A       B       C       D       E      F
               +-------+-------+-------+-------+-------+----------------------
         Total | 100.0 | 100.0 |   4.1 |   0.0 |  74.1 | 677.7
       Dungeon | 100.0 | 100.0 |   4.1 |   0.0 |  74.1 | 677.7
               +-------+-------+-------+-------+-------+----------------------

Table legend:
 A = Kills in this place as a percentage of kills in entire the game.
 B = Kills by you in this place as a percentage of kills by you in the entire game.
 C = Kills by friends in this place as a percentage of kills by friends in the entire game.
 D = Other kills in this place as a percentage of other kills in the entire game.
 E = Experience gained in this place as a percentage of experience gained in the entire game.
 F = Experience gained in this place divided by the number of levels of this place that you have seen.
                   A       B       C       D       E      F
               +-------+-------+-------+-------+-------+----------------------
         Total | 100.0 | 100.0 |   N/A |   N/A | 100.0 | 103.3
       Dungeon | 100.0 | 100.0 |   N/A |   N/A | 100.0 | 103.3
               +-------+-------+-------+-------+-------+----------------------

Skill      XL: |  1  2  3  4  5 |
---------------+----------------+-----
Unarmed Combat | 4 5 |  5.7
Fighting       | 3 |  3.2
Dodging        | |  2.6
Stealth        | |  1.0

Action                   |  1- 3 |  4- 6 || total
-------------------------+-------+-------++-------
Melee: Unarmed           |    76 |    95 ||   171
       Punch             |     1 |     1 ||     2
Throw: Stone             |       |    16 ||    16
 Stab: Sleeping          |     1 |     1 ||     2
  Eat: Chunk             |     7 |    17 ||    24
Armor: Robe              |    34 |    18 ||    52
Dodge: Dodged            |    35 |    37 ||    72

Vanquished Creatures
  A howler monkey (D:2)
  2 orc wizards (D:3)
  5 adders
  An ooze (D:2)
  3 worms
  2 dart slugs (D:1)
  2 leopard geckos
  2 orcs (D:3)
  6 bats
  4 giant cockroaches
  5 goblins
  5 hobgoblins
  A quokka (D:2)
  7 frilled lizards
  11 kobolds
  6 rats
63 creatures vanquished.
